 Dungeon Crawl Stone Soup version 0.27-a0-54-g64bdb92e38 (webtiles) character file.

Game seed: 5536419765159476835

1787 kae the Grappler (level 9, -3/48 (56) HPs)
             Began as an Octopode Transmuter on Jan 7, 2021.
             Was a Priest of Wu Jian.
             Slain by a wight
             ... wielding a cursed +0 spear
              (8 damage)
             ... on level 7 of the Dungeon.
             The game lasted 00:08:13 (8974 turns).

kae the Grappler (Octopode Transmuter)              Turns: 8974, Time: 00:08:14

HP:   -3/48 (56)    AC:  2    Str: 13    XL:     9   Next: 8%
MP:   9/13          EV: 21    Int: 15    God:    Wu Jian [***...]
Gold: 450           SH:  5    Dex: 17    Spells: 1/14 levels left

rFire    . . .     SeeInvis .     - Unarmed
rCold    . . .     Faith    .   (shield currently unavailable)
rNeg     . . .     Spirit   .   (helmet currently unavailable)
rPois    x         Reflect  +   q - amulet of reflection
rElec    .         Harm     .   h - ring of resist corrosion
rCorr    +         Rampage  .   s - ring of flight
Will     .....                  (no ring)
Stlth    ++........             (no ring)
HPRegen  0.16/turn              (no ring)
MPRegen  0.13/turn              (no ring)
                                (no ring)
                                (no ring)

@: spider-form (expiring), heavily drained
A: tiny, almost no armour, stealthy swim, (amphibious), 8 rings, (constrict 8)
a: End Transformation, Renounce Religion, Evoke Flight, Wall Jump, Serpent's
Lash


You were on level 7 of the Dungeon.
You worshipped Wu Jian.
Wu Jian was most pleased with you.
You were a venomous arachnid creature.
You visited 2 branches of the dungeon, and saw 8 of its levels.
You also visited: Bailey.

You collected 450 gold pieces.

Inventory:

Jewellery
 h - a ring of resist corrosion (left front leg)
 q - an amulet of reflection (around neck)
 s - a ring of flight (right front leg)
Wands
 g - a wand of polymorph (3)
Scrolls
 a - 2 scrolls of teleportation
 d - 4 scrolls of remove curse
 k - a scroll of enchant weapon
 l - 2 scrolls of fear
 m - 4 scrolls of amnesia
 o - 4 scrolls of identify
 p - a scroll of blinking
Potions
 b - a potion of haste
 c - 2 potions of attraction
 e - a potion of lignification
 f - 4 potions of heal wounds
 i - 6 potions of curing
 j - 3 potions of mutation
 n - 3 potions of flight
 r - 2 potions of experience {unknown}


   Skills:
 - Level 3.0 Fighting
 - Level 3.0 Dodging
 * Level 8.9 Unarmed Combat
 - Level 3.0 Spellcasting
 + Level 6.1 Transmutations
 + Level 2.1 Ice Magic


You had one spell level left.
You knew the following spells:

 Your Spells              Type           Power        Failure   Level
a - Beastly Appendage     Tmut           40%          7%          1
b - Spider Form           Tmut/Pois      5%           36%         3
c - Ice Form              Ice/Tmut       14%          58%         4
d - Blade Hands           Tmut           10%          63%         5

Your spell library contained the following spells:

 Spells                   Type           Power        Failure   Level
 Animate Skeleton         Necr           4%           41%         1
 Corona                   Hex            2%           41%         1
 Magic Dart               Conj           8%           41%         1
 Pain                     Necr           8%           41%         1
 Wereblood                Tmut           20%          10%         2
 Ensorcelled Hibernation  Hex/Ice        10%          41%         2
 Blink                    Tloc           N/A          52%         2
 Call Imp                 Summ           2%           52%         2
 Slow                     Hex            2%           52%         2
 Confusing Touch          Hex            2%           73%         3
 Conjure Flame            Conj/Fire      2%           73%         3
 Dazzling Flash           Conj/Hex       4%           73%         3
 Mephitic Cloud           Conj/Pois/Air  2%           73%         3
 Tukima's Dance           Hex            2%           73%         3
 Vampiric Draining        Necr           1%           73%         3
 Animate Dead             Necr           1%           97%         4
 Agony                    Necr           2%           100%        5


Dungeon Overview and Level Annotations

Branches:
Dungeon (7/15)             Temple (1/1) D:5          Bailey (visited)

Altars:
Ashenzari
Cheibriados
Dithmenos
Elyvilon
Gozag
Hepliaklqana
Kikubaaqudgha
Makhleb
Okawaru
Qazlal
Ru
Sif Muna
Trog
Uskayaw
Vehumet
Wu Jian
Xom
Zin

Annotations:
D:3 exclusion: orc priest
D:4 exclusion: ogre


Innate Abilities, Weirdness & Mutations

You cannot wear most types of armour.
You are very stealthy in the water. (Stealth+)
((You are amphibious.))
You can wear up to eight rings at the same time.
((You can use your tentacles to constrict eight enemies at once.))
((Your skin changes colour to match your surroundings (Stealth+).))
((Your rubbery body absorbs attacks. (AC +1, EV +1)))


Message History

The wight barely misses you.
You tentacle-slap the wight.
The wight is moderately damaged.
You constrict the wight.
You tentacle-slap the wight but do no damage.
You squeeze the wight.
The wight is severely damaged.
You constrict the wight.
The wight hits you with a cursed +0 spear!
* * * LOW HITPOINT WARNING * * *
You feel drained.
* * * LOW HITPOINT WARNING * * *
Casting: Spider Form (dangerous; 17% risk of failure)
Confirm with . or Enter, or press ? or * to list all spells.
You turn into a venomous arachnid creature.
You lose your grip on the wight.
Your transformation is almost over.
The wight barely misses you.
The wight hits you with a cursed +0 spear!
You die...

##############...........
#....#........... #######
#.##.############
#.....#######.##........ ....
#.....#.........######## ##..
#.....#....##...######## #.#
#.....#....##..........# #.#
#####..........##..........####..
.........[..:...sz...............
######...###########.........###.
#.#.# #########.......#.#### #
#.#.# #..................#.. #
###.#+###.(.............)..###
####......................)").# #
...........................)..# #
..............................# #
###..............)...(.....#### #


You could see a wight.

Vanquished Creatures
  A water moccasin (D:3)
  An orc warrior (Bailey)
  A sky beast (D:7)
  An ogre (D:4)
  4 centaurs
  4 bullfrogs (D:6)
  3 wights (D:7)
  A howler monkey (D:4)
  A centaur zombie (D:7)
  2 hounds
  A jelly (D:6)
  An iguana (Bailey)
  4 orc wizards
  2 worker ants
  A hound zombie (D:5)
  12 gnolls
  7 adders
  A white imp (D:7)
  An ufetubus (D:5)
  An ooze (D:3)
  An adder zombie (D:7)
  2 worms
  3 dart slugs
  6 leopard geckos
  26 orcs
  2 giant cockroaches
  20 goblins
  9 hobgoblins
  6 jackals
  3 quokkas
  5 bats
  5 frilled lizards
  A giant cockroach zombie (D:5)
  24 kobolds
  A quokka skeleton (D:5)
  7 rats
171 creatures vanquished.

Vanquished Creatures (others)
  17 plants
17 creatures vanquished.

Grand Total: 188 creatures vanquished

Notes
Turn   | Place    | Note
-------+----------+-------------------------------------------
     0 | D:1      | kae the Octopode Transmuter began the quest for the Orb.
     0 | D:1      | Reached XP level 1. HP: 13/13 MP: 3/3
    44 | D:1      | Reached XP level 2. HP: 18/18 MP: 5/5
   956 | D:1      | Reached XP level 3. HP: 18/23 MP: 4/6
  1978 | D:2      | Reached XP level 4. HP: 13/29 MP: 5/7
  2603 | D:3      | You fall into a shaft and drop 3 floors!
  2607 | D:5      | Entered Level 5 of the Dungeon
  2627 | D:5      | Found a staircase to the Ecumenical Temple.
  2634 | Temple   | Entered the Ecumenical Temple
  2708 | Temple   | Became a worshipper of the Wu Jian Council
  3070 | D:3      | Noticed a water moccasin
  3076 | D:3      | Killed a water moccasin
  3077 | D:3      | Reached skill level 4 in Unarmed Combat
  3077 | D:3      | Reached XP level 5. HP: 20/34 MP: 7/9
  3351 | D:3      | Learned a level 3 spell: Spider Form
  3566 | D:3      | Reached XP level 6. HP: 41/41 MP: 10/10
  3569 | D:3      | Reached * piety under Wu Jian
  4369 | D:4      | Reached skill level 5 in Unarmed Combat
  4669 | D:4      | Reached XP level 7. HP: 39/45 MP: 8/11
  6232 | D:6      | Reached skill level 6 in Unarmed Combat
  6297 | D:6      | Reached ** piety under Wu Jian
  6406 | D:6      | Reached XP level 8. HP: 52/52 MP: 8/12
  6506 | D:6      | Reached skill level 7 in Unarmed Combat
  6638 | D:6      | Reached skill level 5 in Transmutations
  7400 | D:7      | Found a flagged portal.
  7415 | Bailey   | Entered a bailey
  7446 | Bailey   | Noticed an orc warlord
  8137 | Bailey   | Reached skill level 8 in Unarmed Combat
  8229 | Bailey   | Found a runed translucent gate.
  8229 | Bailey   | Found a runed translucent gate.
  8229 | Bailey   | Found a runed translucent gate.
  8297 | Bailey   | Learned a level 4 spell: Ice Form
  8304 | Bailey   | Learned a level 5 spell: Blade Hands
  8466 | D:7      | Reached skill level 1 in Ice Magic
  8482 | D:7      | Reached *** piety under Wu Jian
  8796 | D:7      | Reached XP level 9. HP: 44/56 MP: 13/13
  8974 | D:7      | Slain by a wight

Illustrated notes

Levels and vault maps discovered:
D:1:      amcnicky_arrival_blooded_trapdoor, layout_basic
D:2:      layout_basic, serial_bayou_lake_a
D:3:      kennysheep_the_goblin_king, layout_rooms
D:4:      layout_basic
D:5:      layout_cave_pods, minmay_temple_entry_slanted
D:6:      kennysheep_housing_project, layout_rooms
D:7:      layout_basic, enter_bailey_2
Temple:   hc_temple_tempest_star

Skill      XL: |  1  2  3  4  5  6  7  8  9 |
---------------+----------------------------+-----
Fighting       | 2 3 |  3.0
Unarmed Combat | 4 5 6 8 |  8.9
Transmutations | 3 4 6 |  6.1
Dodging        | 3 |  3.0
Spellcasting   | 3 |  3.0
Ice Magic      | 1 2 |  2.1

Action                   |  1- 3 |  4- 6 |  7- 9 || total
-------------------------+-------+-------+-------++-------
Melee: Unarmed           |    85 |   124 |   228 ||   437
       Constrict         |    31 |    34 |    27 ||    92
       Kick              |    15 |    19 |    12 ||    46
       Tentacles         |     8 |    22 |    24 ||    54
       Punch             |     3 |     5 |     6 ||    14
 Cast: Beastly Appendage |    22 |    22 |    18 ||    62
       Spider Form       |       |     2 |    16 ||    18
Invok: Lunge             |       |     7 |    18 ||    25
       Whirlwind         |       |       |     1 ||     1
Evoke: Wand              |       |       |    16 ||    16
  Use: Scroll            |       |     7 |    15 ||    22
       Potion            |       |     1 |     1 ||     2
 Stab: Sleeping          |     2 |     2 |     1 ||     5
       Distracted        |       |       |     1 ||     1
Armor: Skin              |     7 |     4 |     7 ||    18
Dodge: Dodged            |    63 |    58 |   166 ||   287
Block: Other             |       |       |    46 ||    46
       Reflection        |       |       |     8 ||     8

Table legend: (Time is in decaauts)
 A = Elapsed time spent in this place.
 B = Non-inter-level travel time spent in this place.
 C = Inter-level travel time spent in this place.
 D = Time resting spent in this place.
 E = Time spent auto-exploring this place.
 F = Levels seen in this place.
 G = Mean time per level.
                   A        B        C        D        E       F      G
               +--------+--------+--------+--------+--------+-----+--------+
         Total |   8931 |   8626 |    305 |   1310 |   5884 |   9 |  992.3 |
       Dungeon |   7791 |   7507 |    284 |    825 |   5595 |   7 | 1113.0 |
        Temple |    131 |    110 |     21 |      0 |     99 |   1 |  131.0 |
        Bailey |   1008 |   1008 |      0 |    485 |    190 |   1 | 1008.0 |
               +--------+--------+--------+--------+--------+-----+--------+

Top non-repeatable levels by time:
     D:5: 1266 daAuts
     D:3: 1217 daAuts
     D:1: 1209 daAuts
     D:2: 1173 daAuts
     D:4: 1121 daAuts
     D:6: 1047 daAuts
  Bailey: 1008 daAuts
     D:7: 755 daAuts
  Temple: 131 daAuts
